 Dungeon Crawl Stone Soup version 0.29.1-2-gbd0b4ee654 (webtiles) character file.

Game seed: 14335896696670316519

125 MisterFreud the Twirler (level 5, 0/38 HPs)
             Began as a Formicid Gladiator on Nov 1, 2022.
             Slain by Duvessa
             ... wielding a +0 rapier
              (3 damage)
             ... on level 4 of the Dungeon.
             The game lasted 00:02:35 (2571 turns).

MisterFreud the Twirler (Formicid Gladiator)        Turns: 2571, Time: 00:02:37

Health: 0/38       AC:  3    Str: 20    XL:     5   Next: 30%
Magic:  5/5        EV: 12    Int: 14    God:
Gold:   104        SH:  0    Dex: 15    Spells: 4/4 levels left

rFire   . . .      SeeInvis +   e - +9 war axe of Lefuv {vorpal, Stlth+}
rCold   . . .      Faith    .   (no shield)
rNeg    . . .      Spirit   .   b - +0 leather armour
rPois   .          Reflect  .   (helmet unavailable)
rElec   .          Harm     .   (no cloak)
rCorr   .          Rampage  .   (no gloves)
Will    +....                   (no boots)
Stlth   ++........              p - amulet of regeneration
HPRegen 0.92/turn               g - +6 ring of intelligence
MPRegen 0.09/turn               s - ring of willpower

@: no status effects
A: permanent stasis, dig shafts and tunnels, antennae 3, four strong arms
a: Dig, Shaft Self


You were on level 4 of the Dungeon.
You visited 1 branch of the dungeon, and saw 4 of its levels.

You collected 104 gold pieces.

Inventory:

Hand Weapons
 a - a +0 quarterstaff
 e - the +9 war axe of Lefuv (weapon) {vorpal, Stlth+}
   (You acquired it on level 2 of the Dungeon)

   It inflicts extra damage upon your enemies.
   Stlth:     It makes you more stealthy.
Missiles
 c - 3 throwing nets (quivered)
 d - a javelin
 t - 4 poisoned darts
Armour
 b - a +0 leather armour (worn)
Jewellery
 g - a +6 ring of intelligence (left hand)
 j - an amulet of the acrobat
 k - a ring of positive energy
 p - an amulet of regeneration (around neck)
 s - a ring of willpower (right hand)
 u - an amulet of guardian spirit
 v - a +4 ring of evasion
Scrolls
 h - a scroll of magic mapping
 i - 3 scrolls of noise
 l - 2 scrolls of teleportation
Potions
 f - a potion of degeneration
 m - a potion of lignification {unknown}
 n - 3 potions of might
 o - 6 potions of curing
 q - a potion of invisibility
 r - a potion of berserk rage
 x - a potion of attraction {unknown}


   Skills:
 - Level 2.1 Fighting
 + Level 3.0 Axes
 - Level 4.5 Staves
 - Level 2.0 Throwing
 - Level 2.6 Dodging


You had 4 spell levels left.
You didn't know any spells.
Your spell library contained the following spells:

 Spells                   Type           Power      Damage    Failure   Level
 Freeze                   Ice            0%         1d3       34%         1
 Frozen Ramparts          Ice            0%         1d1       71%         3
 Hailstorm                Conj/Ice       0%         3d3       98%         4


Dungeon Overview and Level Annotations

Branches:
Dungeon (4/15)
 Temple: D:4-7

Altars:
Hepliaklqana
Sif Muna

Annotations:
D:3 2 transporters
D:4 Dowan, Duvessa


Innate Abilities, Weirdness & Mutations

You cannot be hasted, slowed, berserked, paralysed or teleported.
You can dig through walls and to a lower floor.
You have a pair of large antennae on your head. (SInv)
Your four strong arms can wield two-handed weapons with a shield.


Message History

You sense a monster nearby.
No target in view!
x - a pink potion Duvessa and Dowan come into view.
Dowan is wielding a +0 dagger and wearing a +2 robe of willpower.
Found a whip.
Duvessa shouts!
As you read the scroll labelled OWNUYM XA CAQ, it crumbles to dust.
You hear the tinkle of a tiny bell.
It was a scroll of butterflies.
Dowan shouts!
Duvessa barely misses your butterfly. Dowan misses your butterfly.
You swap places.
Found a potion of curing.
Dowan points at Duvessa and mumbles some strange words.
Duvessa seems to speed up.
Duvessa closely misses you.
You hit Duvessa but do no damage. Duvessa hits you with a +0 rapier!
Dowan hits your butterfly with a +0 dagger.
Your butterfly dies!
Your butterfly disappears in a burst of colours!
Duvessa misses you.
You hit Duvessa.
Duvessa is lightly wounded.
Duvessa barely misses you. Duvessa closely misses you. Dowan misses you.
You slash Duvessa!
Duvessa is heavily wounded.
You barely miss Dowan. Duvessa barely misses you.
Duvessa gestures with her weapon.
Duvessa hits you with a +0 rapier! Dowan hits you with a +0 dagger.
You are too injured to fight recklessly!
You hit Duvessa but do no damage.
Duvessa is heavily wounded.
You hit Dowan. Duvessa hits you with a +0 rapier!
* * * LOW HITPOINT WARNING * * *
Dowan gestures wildly while chanting.
Dowan blinks!
Duvessa completely misses you.
You hit Duvessa.
Duvessa is severely wounded.
Duvessa hits you with a +0 rapier.
* * * LOW HITPOINT WARNING * * *
Duvessa hits you with a +0 rapier.
You die...

#####################
............##..##..#
!...................#
...b.b.@#.b.........#
...b..be#bb.........#
..bb..e.#.{.........# ..
...bb...#.{.........#...
........#{.{........+...
........###.##..#####...
.###+######+###'#.......
........#.......
........#.......


You could see Duvessa (fast, ally target) and Dowan (ally target).

Vanquished Creatures
  An iguana (D:4)
  4 adders
  2 worms (D:2)
  2 dart slugs (D:3)
  An orc (D:3)
  5 bats
  4 endoplasms
  A giant cockroach (D:4)
  2 goblins
  7 hobgoblins
  2 jackals (D:3)
  10 kobolds
  A quokka (D:2)
  6 ball pythons
  A frilled lizard (D:3)
  4 rats
53 creatures vanquished.

Vanquished Creatures (others)
  7 plants (D:3)
7 creatures vanquished.

Grand Total: 60 creatures vanquished

Notes
Turn   | Place    | Note
-------+----------+-------------------------------------------
     0 | D:1      | MisterFreud the Formicid Gladiator began the quest for the
                  | Orb.
     0 | D:1      | Reached XP level 1. HP: 16/16 MP: 1/1
    63 | D:1      | Found a faded altar of an unknown god.
   191 | D:1      | Reached XP level 2. HP: 22/22 MP: 2/2
   962 | D:2      | Reached skill level 4 in Staves
   962 | D:2      | Reached XP level 3. HP: 21/27 MP: 3/3
  1758 | D:2      | Identified a scroll of acquirement
  1758 | D:2      | Acquired the +9 war axe of Lefuv {vorpal, Stlth+}
  1804 | D:3      | Found a transporter.
  1830 | D:3      | Found a transporter.
  1834 | D:3      | Reached XP level 4. HP: 33/33 MP: 4/4
  1849 | D:3      | Reached skill level 1 in Axes
  1880 | D:3      | Found a shimmering blue altar of Sif Muna.
  1890 | D:3      | Found a hazy altar of Hepliaklqana.
  2474 | D:4      | Reached XP level 5. HP: 26/38 MP: 5/5
  2564 | D:4      | Noticed Duvessa
  2564 | D:4      | Noticed Dowan
  2571 | D:4      | Slain by Duvessa

Illustrated notes

Levels and vault maps discovered:
D:1:      shiori_arrival_elements, layout_loops_ring,
          hellmonk_ecumenical_altar_pennies_from_heaven
D:2:      layout_loops_ring
D:3:      gammafunk_steamed_eel, layout_rooms,
          mainiacjoe_overflow_catch_the_wave, minivault_14,
          kennysheep_generic_room_2
D:4:      layout_gridville, portal_sewer_entry_b, uniq_duvessa

Skill      XL: |  1  2  3  4  5 |
---------------+----------------+-----
Staves         | 4 |  4.5
Axes           | 2 3 |  3.0
Fighting       | |  2.1
Throwing       | |  2.0
Dodging        | |  2.6

Action                   |  1- 3 |  4- 6 || total
-------------------------+-------+-------++-------
Melee: Quarterstaff      |    82 |       ||    82
       War axe           |     5 |    33 ||    38
  Use: Scroll            |    10 |     2 ||    12
 Stab: Sleeping          |     1 |     2 ||     3
Armor: Leather armour    |    29 |     4 ||    33
Dodge: Dodged            |    68 |    16 ||    84
